 Dungeon Crawl Stone Soup version 0.21.1-1-g345015f (webtiles) character file.

377 tognito the Cleaver (level 6, 0/51 HPs)
             Began as a Minotaur Berserker on Feb 22, 2018.
             Was a Priest of Trog.
             Slain by Crelarid's ghost (9 damage)
             ... on level 4 of the Dungeon.
             The game lasted 00:07:12 (2479 turns).

tognito the Cleaver (Minotaur Berserker)            Turns: 2479, Time: 00:07:12

Health: 0/51       AC: 11    Str: 23    XL:     6   Next: 45%
Magic:  5/5        EV:  7    Int:  4    God:    Trog [***...]
Gold:   163        SH:  0    Dex: 14    Spells: 5/5 levels left

rFire    + . .     SeeInvis +   a - +0 hand axe
rCold    + . .     Gourm    .   (no shield)
rNeg     . . .     Faith    .   p - +0 plate armour
rPois    +         Spirit   .   (helmet restricted)
rElec    +         Reflect  .   (no cloak)
rCorr    +         Harm     +   (no gloves)
MR       ++...                  (no boots)
Stlth    ..........             b - amulet of harm
HPRegen  1.17/turn              q - +4 ring of dexterity
MPRegen  0.09/turn              n - ring of see invisible

@: resistant, berserk cooldown, regenerating, slowed, very slow
A: retaliatory headbutt, horns 2
a: Berserk, Trog's Hand, Burn Spellbooks, Renounce Religion


You were on level 4 of the Dungeon.
You worshipped Trog.
Trog was most pleased with you.
You were hungry.

You visited 1 branch of the dungeon, and saw 4 of its levels.

You collected 163 gold pieces.

Inventory:

Hand Weapons
 a - a +0 hand axe (weapon)
Missiles
 f - 22 arrows
 g - 5 javelins of returning (quivered)
 h - 11 bolts
Armour
 p - a +0 plate armour (worn)
Jewellery
 b - an amulet of harm (around neck)
 m - a +2 ring of intelligence
 n - a ring of see invisible (right hand)
 q - a +4 ring of dexterity (left hand)
Scrolls
 e - a scroll of teleportation {unknown}
 i - a scroll of remove curse {unknown}
 j - a scroll of enchant weapon {unknown}
 k - 2 scrolls of magic mapping {unknown}
 l - a scroll of random uselessness {unknown}
 r - 2 scrolls of identify {unknown}
 s - a scroll of fog {unknown}
Comestibles
 c - 5 rations
 o - a chunk of flesh


   Skills:
 - Level 3.6 Fighting
 + Level 8.8 Axes
 - Level 2.4 Armour
 - Level 2.1 Dodging


You had 5 spell levels left.
You didn't know any spells.

Dungeon Overview and Level Annotations

Branches:
Dungeon (4/15)
 Temple: D:4-7

Altars:
Cheibriados
Elyvilon
Kikubaaqudgha
Vehumet
Yredelemnul
Zin

Shops:
D:4 %!

Annotations:
D:4 Crelarid's ghost, novice GnSk


Innate Abilities, Weirdness & Mutations

You reflexively headbutt those who attack you in melee.
You have a pair of horns on your head.


Message History

Trog accepts your kill.
You feel a strong urge to attack something.
Crelarid's ghost (novice Gnoll Skald) comes into view.
Crelarid's ghost turns its malevolent gaze towards you.
Found Ycir's Distillery.
You slash the orc priest!
You kill the orc priest!
Trog accepts your kill.
You are no longer berserk.
You are exhausted.
You feel yourself slow down. The orc barely misses you.
Things that are here:
10 gold pieces; an orc corpse You barely miss the orc.
You kill the orc!
Trog accepts your kill.
You hit Crelarid's ghost.
Crelarid's ghost is lightly damaged.
Crelarid's ghost hits you!
You die...

...............
................
................
........∩........
.................
!................
##.........W∩.....
#.........@.......
#.........#####...
#.......).#
#.........#
#.........#
#.......##
#.....<## #.######
#


You could see Crelarid's ghost.

Vanquished Creatures
  Menkaure (D:4)
  An orc priest (D:4)
  2 orc wizards (D:3)
  8 adders
  An ooze (D:3)
  3 worms (D:2)
  4 dart slugs
  2 leopard geckos (D:2)
  11 orcs
  2 giant cockroaches (D:1)
  3 goblins
  8 hobgoblins
  3 jackals (D:3)
  5 kobolds
  6 quokkas
  2 ball pythons (D:2)
  9 bats
  7 frilled lizards
  7 rats
85 creatures vanquished.

Vanquished Creatures (others)
  A quokka (D:3)
1 creature vanquished.

Grand Total: 86 creatures vanquished

Notes
Turn   | Place    | Note
-------+----------+-------------------------------------------
     0 | D:1      | tognito the Minotaur Berserker began the quest for the Orb.
     0 | D:1      | Reached XP level 1. HP: 19/19 MP: 0/0
    48 | D:1      | Reached skill level 4 in Axes
   134 | D:1      | Reached XP level 2. HP: 18/26 MP: 1/1
   350 | D:1      | Reached ** piety under Trog
   350 | D:1      | Reached skill level 5 in Axes
   722 | D:2      | Reached XP level 3. HP: 17/31 MP: 2/2
   760 | D:2      | HP: 1/31 [frilled lizard (3)]
  1254 | D:2      | Reached skill level 6 in Axes
  1254 | D:2      | Reached XP level 4. HP: 33/39 MP: 3/3
  1545 | D:2      | Found a faded altar of an unknown god.
  1749 | D:3      | Found a radiant altar of Vehumet.
  1757 | D:3      | Reached skill level 7 in Axes
  1757 | D:3      | Reached XP level 5. HP: 28/45 MP: 4/4
  1762 | D:3      | Reached *** piety under Trog
  2029 | D:3      | Found an ancient bone altar of Kikubaaqudgha.
  2352 | D:3      | Found a white marble altar of Elyvilon.
  2430 | D:3      | Found a glowing silver altar of Zin.
  2437 | D:3      | Found a basalt altar of Yredelemnul.
  2440 | D:3      | Found a snail-covered altar of Cheibriados.
  2460 | D:4      | Noticed Menkaure
  2466 | D:4      | Found Cetithi's Food Emporium.
  2470 | D:4      | HP: 3/67 [Menkaure/nerve-wracking pain (14)]
  2471 | D:4      | Killed Menkaure
  2471 | D:4      | Reached skill level 8 in Axes
  2471 | D:4      | Reached XP level 6. HP: 3/51 MP: 5/5
  2475 | D:4      | Found Ycir's Distillery.
  2475 | D:4      | Noticed Crelarid's ghost (novice GnSk)
  2479 | D:4      | Slain by Crelarid's ghost

Skill      XL: |  1  2  3  4  5 |
---------------+----------------+-----
Axes           | 4 5 6 7 8 |  8.8
Fighting       | |  3.6
Armour         | |  2.4
Dodging        | |  2.1

Action                   |  1- 3 |  4- 6 || total
-------------------------+-------+-------++-------
Melee: Hand axe          |    78 |    90 ||   168
       Headbutt          |     7 |    15 ||    22
Throw: Javelin           |     9 |       ||     9
Invok: Burn Spellbooks   |     1 |     1 ||     2
       Berserk           |       |     2 ||     2
       Trog's Hand       |       |     2 ||     2
  Use: Potion            |     3 |     5 ||     8
 Stab: Sleeping          |     2 |       ||     2
  Eat: Chunk             |     1 |     6 ||     7
Armor: Animal skin       |    11 |       ||    11
       Plate armour      |       |    50 ||    50
Dodge: Dodged            |    62 |    45 ||   107
